 Dungeon Crawl Stone Soup version 0.26-a0-958-gf3041fb45f (webtiles) character file.

Game seed: 4427565663153129715

19079 iamoutofideas the Thaumaturge (level 12, -14/96 HPs)
             Began as a Deep Elf Fire Elementalist on Nov 30, 2020.
             Was an Elder of Vehumet.
             Demolished by a red draconian
             ... wielding a +0 glaive of flaming
              (27 damage)
             ... in a volcano.
             The game lasted 00:32:17 (16552 turns).

iamoutofideas the Thaumaturge (DEFE)               Turns: 16552, Time: 00:32:18

Health: -14/96     AC: 26    Str: 11    XL:     12   Next: 33%
Magic:  28/32      EV:  2    Int: 26    God:    Vehumet [****..]
Gold:   781        SH:  0    Dex: 17    Spells: 14/40 levels left

rFire    + . .     SeeInvis .   A - +0 short sword (venom)
rCold    x . .     Faith    .   (no shield)
rNeg     + + +     Spirit   .   (armour currently unavailable)
rPois    +         Reflect  .   (helmet currently unavailable)
rElec    .         Harm     .   (cloak currently unavailable)
rCorr    .         Rampage  .   (gloves currently unavailable)
MR       +....     NoTele   +   (boots currently unavailable)
Stlth    ++........             h - amulet of magic regeneration
HPRegen  0.26/turn              t - +6 ring of strength
MPRegen  0.48/turn              k - ring of fire

@: brilliant, tree-form
A: agile 1
a: Renounce Religion


You were in a volcano.
You worshipped Vehumet.
Vehumet was greatly pleased with you.
You were a tree.
You visited 3 branches of the dungeon, and saw 17 of its levels.
You also visited: Volcano.

You collected 781 gold pieces.

Inventory:

Hand Weapons
 A - a +0 short sword of venom (weapon)
 H - the +9 flail "Mataofa" {holy, rF+ rN+ Int-5}
   (You found it on level 10 of the Dungeon)

   It has been blessed by the Shining One to cause great damage to the undead
   and demons.
   It affects your intelligence (-5).
   It protects you from fire.
   It protects you from negative energy.
Missiles
 w - 204 stones
Armour
 a - the +2 pair of boots of Xisaatoh (melded) {+Blink rElec rPois Dex-4}
   (You found it on level 12 of the Dungeon)

   It affects your dexterity (-4).
   It insulates you from electricity.
   It protects you from poison.
   It lets you blink.
 o - a +2 pair of boots
 s - a +2 cloak (melded)
 F - the +0 ring mail of Philately (melded) {Regen+}
   (You found it on level 5 of the Dungeon)

   It increases your rate of regeneration.
 I - a +0 buckler
 K - +0 steam dragon scales
 L - a +2 pair of gloves of archery (melded)
 N - a scarf of invisibility
 O - a +2 hat (melded)
Jewellery
 h - an amulet of magic regeneration (around neck)
 i - an uncursed ring of see invisible
 j - an uncursed ring of flight
 k - a ring of fire (right branch)
 t - a +6 ring of strength (left branch)
Wands
 d - a wand of random effects (29)
 m - a wand of flame (16)
 x - a wand of paralysis (33)
 B - a wand of digging (5)
Scrolls
 c - 5 scrolls of teleportation
 l - 4 scrolls of remove curse
 q - a scroll of immolation
 z - a scroll of fog
 D - 3 scrolls of enchant weapon
 E - a scroll of torment {unknown}
 J - a scroll of vulnerability
 M - a scroll of noise {unknown}
Potions
 e - a potion of attraction
 p - 2 potions of brilliance
 r - 2 potions of might
 u - 2 potions of lignification
 v - a potion of mutation
 G - a potion of invisibility {unknown}
Miscellaneous
 C - a box of beasts (inert)


   Skills:
 * Level 2.7 Fighting
 + Level 0.2 Maces & Flails
 + Level 1.7 Armour
 + Level 9.0 Dodging
 - Level 2.5 Stealth
 - Level 4.0 Shields
 + Level 14.7 Spellcasting
 + Level 10.9 Conjurations
 + Level 0.5 Translocations
 + Level 10.8 Fire Magic
 + Level 0.5 Earth Magic
 + Level 0.2 Evocations


You had 14 spell levels left.
You knew the following spells:

 Your Spells              Type           Power        Failure   Level
a - Foxfire               Conj/Fire      ####         1%          1
b - Conjure Flame         Conj/Fire      ########     1%          3
c - Sticky Flame          Conj/Fire      ########     1%          4
d - Fireball              Conj/Fire      ########..   1%          5
e - Sandblast             Erth           ####..       1%          1
f - Iskenderun's Mystic   Conj/Tloc      ######..     1%          4
g - Lee's Rapid Deconstr  Erth           ####......   16%         5
h - Mephitic Cloud        Conj/Pois/Air  ######..     1%          3

Your spell library contained the following spells:

 Spells                   Type           Power        Failure   Level
 Freeze                   Ice            ####         1%          1
 Inner Flame              Hex/Fire       #######.     1%          3
 Stone Arrow              Conj/Erth      ######       1%          3
 Hailstorm                Conj/Ice       ######..     1%          4
 Animate Skeleton         Necr           ####..       2%          1
 Apportation              Tloc           ####..       2%          1
 Corona                   Hex            ####...      2%          1
 Summon Small Mammal      Summ           ####         2%          1
 Frozen Ramparts          Ice            ####..       2%          3
 Gell's Gravitas          Tloc           ####......   7%          3
 Confusing Touch          Hex            ####....     9%          3
 Ozocubu's Armour         Ice            ####....     9%          3
 Yara's Violent Unravell  Hex/Tmut       ####......   21%         5
 Petrify                  Tmut/Erth      ####....     26%         4
 Summon Ice Beast         Ice/Summ       ####....     28%         4
 Metabolic Englaciation   Hex/Ice        ####......   61%         5


Dungeon Overview and Level Annotations

Branches:
Dungeon (15/15)            Temple (1/1) D:4            Lair (1/6) D:9
    Orc (0/2) D:12         Depths (0/5) D:15        Volcano (1/1)
 Vaults: D:13-14

Altars:
Ashenzari
Cheibriados
Dithmenos
Elyvilon
Fedhas
Gozag
Hepliaklqana
Kikubaaqudgha
Makhleb
Nemelex Xobeh
Okawaru
Qazlal
Ru
Sif Muna
Trog
Uskayaw
Vehumet
Wu Jian
Xom
Yredelemnul
Zin
The Shining One

Shops:
D:9 =

Annotations:
D:6 exclusion: downstairs


Innate Abilities, Weirdness & Mutations

((You have large cloven feet.))
You are agile. (Dex +2)


Message History

w - 205 stones The red draconian is engulfed in noxious fumes.
Casting: Sandblast (safe; 1% risk of failure)
Confirm with . or Enter, or press ? or * to list all spells.
Aiming: Sandblast (safe; 1% risk of failure)
Press: ? - help, Shift-Dir - straight line, f - red draconian, p - molten gargoyle
Aim: a red draconian, wielding a +0 glaive of flaming and wearing a +0 cloak (heavily wounded, strong, 18% to evade)
You feel a surge of power!
The blast of sand hits the red draconian.
The red draconian is heavily wounded.
w - 204 stones The red draconian breathes fire at you.
The searing blast hits you. You resist.
* * * LOW HITPOINT WARNING * * *
Unknown command.
It was a potion of mutation.
You feel extremely strange.
Your feet thicken and deform.
You feel agile.
You are engulfed in blazing flames.
You resist.
The red draconian hits you with a +0 glaive of flaming!!
You die...

###......≈§§
#...##.§ #8.8#
. ##b## #.#
##+########
..##...##.☼.☼##
...c.∩.()(.☼.$#
.§.#..c#.⌠☼☼8♣#
##)##...9d$#
#.. ##....## #.
##8### #. ).[#
c #$$ . ## ##
##


You could see a red draconian (strong, catching breath) and a molten gargoyle.

Vanquished Creatures
  A sphinx (D:12)
  A centaur warrior (Volcano)
  2 two-headed ogres
  2 unseen horrors
  A deep elf mage (D:15)
  Joseph (D:7)
  4 ugly things
  A gargoyle (D:12)
  Maggie (D:7)
  3 yaktaurs (Volcano)
  2 komodo dragons
  A hornet (D:10)
  2 trolls
  A meliai zombie (D:15)
  Prince Ribbit (D:7)
  A slime creature (D:12)
  A shadow (D:11)
  15 yaks
  4 fire bats (Volcano)
  A steam dragon (D:11)
  A warg (D:12)
  A soldier ant (D:12)
  3 water moccasins
  A sky beast (D:9)
  2 orc warriors
  A phantom (D:9)
  Purgy (D:4)
  A black bear (D:11)
  A necrophage (D:12)
  4 ice beasts
  5 ogres
  4 centaurs
  A big kobold (D:8)
  Blork the orc (D:6)
  A gnoll sergeant (D:7)
  7 bullfrogs
  A wyvern zombie (D:12)
  A water moccasin zombie (D:11)
  4 scorpions
  12 killer bees
  18 wights
  A howler monkey (D:5)
  A bullfrog zombie (D:6)
  2 jellies
  3 bullfrog skeletons
  9 orc priests
  5 hounds
  6 iguanas
  15 orc wizards
  6 worker ants
  A hound skeleton (D:10)
  A worker ant zombie (D:9)
  9 gnolls
  2 howler monkey skeletons
  9 adders
  A shadow imp (D:7)
  2 ufetubi
  2 adder zombies
  2 worms
  A dart slug (D:1)
  2 leopard geckos
  64 orcs
  A ball python (D:6)
  8 giant cockroaches
  6 goblins
  8 hobgoblins
  5 jackals
  9 quokkas
  7 bats
  7 frilled lizards
  A jackal skeleton (D:5)
  7 kobolds
  2 leopard gecko skeletons
  A quokka skeleton (D:6)
  A quokka zombie (D:6)
  6 rats
330 creatures vanquished.

Vanquished Creatures (collateral kills)
  A foxfire (D:9)
1 creature vanquished.

Vanquished Creatures (others)
  A quokka (D:7)
  823 foxfires
  21 plants (D:9)
845 creatures vanquished.

Grand Total: 1176 creatures vanquished

Notes
Turn   | Place    | Note
-------+----------+-------------------------------------------
     0 | D:1      | iamoutofideas the Deep Elf Fire Elementalist began the
                  | quest for the Orb.
     0 | D:1      | Reached XP level 1. HP: 10/10 MP: 6/6
   196 | D:1      | Reached XP level 2. HP: 15/15 MP: 5/8
  1272 | D:1      | Reached XP level 3. HP: 19/19 MP: 7/10
  1654 | D:2      | Found a bloodstained altar of Trog.
  1901 | D:2      | Found a bloodstained altar of Trog.
  2089 | D:2      | Found a glowing golden altar of the Shining One.
  2285 | D:2      | Reached skill level 4 in Spellcasting
  2289 | D:2      | Found a sacrificial altar of Ru.
  2293 | D:2      | Found an iron altar of Okawaru.
  2500 | D:2      | Found a basalt altar of Yredelemnul.
  2746 | D:3      | Reached XP level 4. HP: 23/24 MP: 4/12
  2751 | D:3      | Learned a level 3 spell: Conjure Flame
  2756 | D:3      | Learned a level 4 spell: Sticky Flame
  3794 | D:4      | Noticed Purgy
  3807 | D:4      | Killed Purgy
  3808 | D:4      | Reached XP level 5. HP: 28/28 MP: 7/14
  3894 | D:4      | Found a staircase to the Ecumenical Temple.
  3903 | D:4      | Reached skill level 5 in Spellcasting
  3903 | D:4      | Reached skill level 5 in Fire Magic
  3913 | Temple   | Entered the Ecumenical Temple
  4218 | D:4      | Found a radiant altar of Vehumet.
  4274 | D:4      | Became a worshipper of Vehumet
  4319 | D:4      | Learned a level 5 spell: Fireball
  4580 | D:4      | Reached XP level 6. HP: 28/32 MP: 11/16
  4872 | D:5      | Entered Level 5 of the Dungeon
  5107 | D:5      | Reached skill level 6 in Spellcasting
  5488 | D:5      | Reached XP level 7. HP: 36/36 MP: 12/19
  5572 | D:5      | Reached skill level 7 in Spellcasting
  5709 | D:5      | Reached * piety under Vehumet
  5709 | D:5      | Offered knowledge of Sandblast by Vehumet.
  6399 | D:6      | Learned a level 1 spell: Sandblast
  6686 | D:6      | Reached skill level 8 in Spellcasting
  6723 | D:6      | Noticed Blork the orc
  6735 | D:6      | Killed Blork the orc
  6736 | D:6      | Reached skill level 5 in Conjurations
  7126 | D:6      | Reached XP level 8. HP: 34/41 MP: 13/22
  7246 | D:7      | Noticed Joseph
  7248 | D:7      | Noticed Maggie
  8014 | D:6      | Offered knowledge of Shock by Vehumet.
  8015 | D:6      | Reached skill level 9 in Spellcasting
  8368 | D:7      | Killed Maggie
  8703 | D:7      | Killed Joseph
  8704 | D:7      | Reached skill level 10 in Spellcasting
  8790 | D:6      | Reached XP level 9. HP: 34/45 MP: 12/25
  8998 | D:7      | Reached ** piety under Vehumet
  9149 | D:7      | Noticed Prince Ribbit
  9153 | D:7      | Killed Prince Ribbit
  9154 | D:7      | Reached skill level 11 in Spellcasting
  9678 | D:8      | Offered knowledge of Ignite Poison by Vehumet.
  9827 | D:8      | Reached skill level 12 in Spellcasting
  9839 | D:8      | Reached *** piety under Vehumet
 10330 | D:9      | Found a blossoming altar of Fedhas.
 10330 | D:9      | Found an ornate altar of the Wu Jian Council.
 10603 | D:9      | Found a staircase to the Lair.
 11006 | D:9      | Noticed a komodo dragon
 11009 | D:9      | Killed a komodo dragon
 11010 | D:9      | Reached XP level 10. HP: 50/50 MP: 14/28
 11058 | D:9      | Offered knowledge of Iskenderun's Mystic Blast by Vehumet.
 11068 | D:9      | Found Iblarail's Jewellery Shoppe.
 11076 | D:9      | Learned a level 4 spell: Iskenderun's Mystic Blast
 11187 | D:10     | Entered Level 10 of the Dungeon
 11220 | D:10     | Reached skill level 13 in Spellcasting
 11348 | D:5      | Got an ancient ring mail
 11359 | D:5      | Identified the +0 ring mail of Philately {Regen+} (You
                  | found it on level 5 of the Dungeon)
 11735 | D:10     | Got a dazzling flail
 11737 | D:10     | Identified the +9 flail "Mataofa" {holy, rF+ rN+ Int-5}
                  | (You found it on level 10 of the Dungeon)
 11772 | D:10     | Killed an unseen horror
 11773 | D:10     | Reached skill level 5 in Dodging
 12054 | D:11     | Reached **** piety under Vehumet
 12366 | D:11     | Offered knowledge of Lightning Bolt by Vehumet.
 12541 | D:11     | Noticed a white ugly thing
 12545 | D:11     | Killed a white ugly thing
 12805 | D:11     | Reached XP level 11. HP: 54/54 MP: 16/30
 12825 | D:11     | Reached skill level 10 in Fire Magic
 13119 | D:11     | Noticed a two-headed ogre
 13124 | D:11     | Killed a two-headed ogre
 13263 | D:11     | You fall into a shaft and drop 1 floor!
 13265 | D:12     | Noticed a purple ugly thing
 13268 | D:12     | Reached skill level 14 in Spellcasting
 13270 | D:12     | You fall into a shaft and drop 3 floors!
 13270 | D:15     | Entered Level 15 of the Dungeon
 13270 | D:15     | Noticed a deep elf mage
 13284 | D:15     | Killed a deep elf mage
 13294 | D:15     | Noticed a two-headed ogre
 13294 | D:15     | Noticed a two-headed ogre
 13844 | D:12     | Reached ***** piety under Vehumet
 13845 | D:12     | Offered knowledge of Lee's Rapid Deconstruction by Vehumet.
 13852 | D:12     | Found a staircase to the Orcish Mines.
 14011 | D:12     | Found a shimmering blue altar of Sif Muna.
 14224 | D:12     | Learned a level 5 spell: Lee's Rapid Deconstruction
 14355 | D:12     | Killed a purple ugly thing
 14356 | D:12     | Reached skill level 1 in Shields
 14468 | D:12     | Identified the Collected Works on Battle Magic and
                  | Transmigration
 14531 | D:12     | Killed an unseen horror
 14591 | D:12     | Noticed a sphinx
 14619 | D:12     | Paralysed by a sphinx for 2 turns
 14621 | D:12     | Killed a sphinx
 14622 | D:12     | Reached skill level 1 in Fighting
 14622 | D:12     | Reached skill level 10 in Conjurations
 15051 | D:12     | Noticed a brown ugly thing
 15051 | D:12     | Noticed a green ugly thing
 15074 | D:12     | Noticed a two-headed ogre
 15094 | D:12     | Killed a cyan ugly thing
 15094 | D:12     | Killed a brown ugly thing
 15302 | D:12     | Killed a two-headed ogre
 15303 | D:12     | Reached XP level 12. HP: 62/62 MP: 29/32
 15742 | D:11     | Reached skill level 1 in Armour
 16124 | D:12     | Got a pair of dazzling boots
 16135 | D:12     | Identified the +2 pair of boots of Xisaatoh {+Blink rElec
                  | rPois Dex-4} (You found it on level 12 of the Dungeon)
 16377 | Lair:1   | Entered Level 1 of the Lair of Beasts
 16391 | Lair:1   | Learned a level 3 spell: Mephitic Cloud
 16426 | Lair:1   | Found a dark tunnel.
 16434 | Volcano  | Entered a volcano
 16522 | Volcano  | Noticed a red draconian
 16522 | Volcano  | Noticed a centaur warrior
 16527 | Volcano  | Killed a centaur warrior
 16552 | Volcano  | Gained mutation: You have large cloven feet. [potion of
                  | mutation]
 16552 | Volcano  | Gained mutation: You are agile. (Dex +2) [potion of
                  | mutation]
 16552 | Volcano  | Demolished by a red draconian

Illustrated notes

Levels and vault maps discovered:
D:1:      arrival_zaba_pyramid, layout_basic
D:2:      layout_basic, general_overflow_altar, lemuel_crystal_altar,
          minitemple, lemuel_coloured_pillars_altar, serial_glass,
          glass_columns_a, glass_columns_a, glass_columns_c, glass_columns_a,
          glass_columns_c, glass_columns_b, minmay_strange_pillars,
          item_on_display_b, lemuel_tele_altar
D:3:      layout_loops_corners, grunt_ministairs_2, minmay_stone_trees_small
D:4:      layout_loops_cross, old_standard_altar, temple_fountains, uniq_purgy
D:5:      layout_loops_corners
D:6:      layout_rooms, grunt_ministairs_13, uniq_blork_the_orc
D:7:      layout_cave_pools, uniq_maggie, uniq_joseph, uniq_prince_ribbit1
D:8:      layout_cave_pools
D:9:      layout_roguey, gammafunk_temple_overflow_wave, david_lair_shrubbed,
          serial_shops, kennysheep_mini_moat
D:10:     layout_roguey, hangedman_decor_opposing
D:11:     layout_grid_maze
D:12:     layout_stronghold, david_orc_3, basic_altar, hangedman_decor_points,
          evilmike_minifort
D:13:     minmay_quarter_circles, layout_long_grid,
          hangedman_vaults_entry_quadrant_bands, minivault_8
D:14:     layout_long_grid, serial_park_gazebo [serial_park_minivault_5x5_5],
          jmf_multi_god_temple
D:15:     grunt_enter_depths_magical_seal, layout_rooms, patterned_corridor,
          portal_ice_cave_rime, serial_shops, shop, minmay_splitting_lines,
          uniq_rupert
Temple:   zaba_magenta_temple
Lair:1:   layout_regular_city, nicolae_volcano_entry_two_sided,
          chequers_serial_rivers_large_b, minmay_lair_oklob_chamber
Volcano:  volcano_grotto [vgs_many_chambers]

Skill      XL: |  1  2  3  4  5  6  7  8  9 10 11 12 |
---------------+-------------------------------------+-----
Fire Magic     | 4 5 6 7 8 9 10 | 10.8
Conjurations   | 2 3 4 5 6 8 9 10 | 10.9
Spellcasting   | 4 5 6 8 10 12 13 14 | 14.7
Dodging        | 7 8 9 |  9.0
Shields        | 4 |  4.0
Fighting       | 1 2 |  2.7
Armour         | 1 |  1.7
Maces & Flails | |  0.2
Stealth        | |  2.5
Translocations | |  0.5
Earth Magic    | |  0.5
Evocations     | |  0.2

Action                   |  1- 3 |  4- 6 |  7- 9 | 10-12 || total
-------------------------+-------+-------+-------+-------++-------
Melee: Unarmed           |     4 |     6 |       |       ||    10
       Short sword       |       |       |    26 |    38 ||    64
       Flail             |       |       |       |     6 ||     6
 Cast: Foxfire           |   146 |   113 |   262 |    40 ||   561
       Sticky Flame      |       |       |    24 |    11 ||    35
       Fireball          |       |       |    49 |   167 ||   216
       Sandblast         |       |       |     5 |     6 ||    11
       Iskenderun's Myst |       |       |       |     7 ||     7
       Mephitic Cloud    |       |       |       |     4 ||     4
 Abil: Evoke Flight      |       |       |       |     1 ||     1
Evoke: Box of beasts     |       |       |       |     1 ||     1
       Wand              |       |       |       |     1 ||     1
  Use: Scroll            |       |     7 |     7 |    11 ||    25
       Potion            |       |       |     2 |    12 ||    14
 Stab: Distracted        |       |       |     1 |       ||     1
Armor: Robe              |     5 |     2 |    40 |       ||    47
       Ring mail         |       |       |       |    78 ||    78
       Skin              |       |       |       |    12 ||    12
Dodge: Dodged            |    14 |    13 |   117 |   142 ||   286

Table legend: (Time is in decaauts)
 A = Elapsed time spent in this place.
 B = Non-inter-level travel time spent in this place.
 C = Inter-level travel time spent in this place.
 D = Time resting spent in this place.
 E = Time spent auto-exploring this place.
 F = Levels seen in this place.
 G = Mean time per level.
                   A        B        C        D        E       F      G
               +--------+--------+--------+--------+--------+-----+--------+
         Total |  16577 |  15574 |   1003 |   4263 |   8656 |  18 |  920.9 |
       Dungeon |  16158 |  15174 |    984 |   4221 |   8468 |  15 | 1077.2 |
        Temple |    243 |    224 |     19 |     40 |    184 |   1 |  243.0 |
          Lair |     56 |     56 |      0 |      0 |      4 |   1 |   56.0 |
       Volcano |    118 |    118 |      0 |      2 |      0 |   1 |  118.0 |
               +--------+--------+--------+--------+--------+-----+--------+

Top non-repeatable levels by time:
     D:6: 2569 daAuts
    D:12: 2082 daAuts
     D:1: 1649 daAuts
     D:5: 1574 daAuts
    D:11: 1379 daAuts
     D:3: 1160 daAuts
     D:9: 955 daAuts
     D:2: 947 daAuts
    D:10: 877 daAuts
     D:4: 870 daAuts
     D:8: 806 daAuts
     D:7: 687 daAuts
    D:13: 556 daAuts
  Temple: 243 daAuts
 Volcano: 118 daAuts
